 Dungeon Crawl Stone Soup version 0.28.0-49-g6dfe1f597d (webtiles) character file.

Game seed: 14577031242670436308

5625 Gabide the Poker (level 11, -2/126 HPs)
             Began as a Human Monk on May 11, 2022.
             Was a Believer of Sif Muna.
             Shot with an arrow by a centaur warrior (4 damage)
             ... on level 8 of the Dungeon.
             The game lasted 00:29:09 (13078 turns).

Gabide the Poker (Human Monk)                      Turns: 13078, Time: 00:29:10

Health: -2/126     AC: 36    Str: 14 (17) XL:     11   Next: 3%
Magic:  16/16      EV:  2    Int:  9 (10) God:    Sif Muna [**....]
Gold:   241        SH:  0    Dex: 12 (15) Spells: 14/17 levels left

rFire   . . .      SeeInvis .   w - +6 halberd (protect)
rCold   . . .      Faith    .   (shield currently unavailable)
rNeg    . . .      Spirit   .   (armour currently unavailable)
rPois   +          Reflect  .   (helmet currently unavailable)
rElec   .          Harm     .   (cloak currently unavailable)
rCorr   .          Rampage  .   (gloves currently unavailable)
Will    +....      NoTele   +   (boots currently unavailable)
Stlth   ++........              (no amulet)
HPRegen 0.31/turn               c - +4 ring of protection
MPRegen 0.15/turn               s - ring of willpower

@: brilliant, tree-form, under a protective aura, hasted, very quick
A: stationary, stasis, torment immunity, boosted hp
a: Renounce Religion, Channel Magic


You were on level 8 of the Dungeon.
You worshipped Sif Muna.
Sif Muna was pleased with you.
You were a tree.
You visited 2 branches of the dungeon, and saw 9 of its levels.

You collected 416 gold pieces.
You spent 175 gold pieces at shops.

Inventory:

Hand Weapons
 w - a +6 halberd of protection (weapon)
Armour
 b - a +2 cloak (melded)
 h - a +2 ring mail
 o - a +2 chain mail of positive energy (melded)
 r - a +0 pair of gloves (melded)
Jewellery
 c - a +4 ring of protection (left branch)
 q - a ring of protection from fire
 s - a ring of willpower (right branch)
 u - a ring of resist corrosion
 A - a ring of flight
 D - a ring of poison resistance
Wands
 l - a wand of polymorph (9)
 n - a wand of iceblast (23)
 y - a wand of flame (22)
Scrolls
 a - 3 scrolls of noise
 e - 2 scrolls of fog
 x - a scroll of blinking
Potions
 d - 2 potions of cancellation
 f - a potion of flight
 g - a potion of might
 j - a potion of magic
 k - a potion of ambrosia {unknown}
 m - 2 potions of lignification
 p - 4 potions of attraction


   Skills:
 + Level 7.4 Fighting
 + Level 7.4 Polearms
 * Level 6.3 Armour
 + Level 7.4 Dodging
 - Level 2.0 Stealth
 + Level 3.7 Spellcasting
 + Level 4.2 Conjurations
 + Level 4.0 Air Magic
 + Level 3.3 Invocations


You had 14 spell levels left.
You knew the following spells:

 Your Spells              Type           Power      Damage    Failure   Level
a - Mephitic Cloud        Conj/Pois/Air  10%        N/A       26%         3

Your spell library contained the following spells:

 Spells                   Type           Power      Damage    Failure   Level
 Slow                     Hex            8%         N/A       28%         1
 Confusing Touch          Hex            2%         N/A       63%         3
 Ignite Poison            Fire/Tmut/Pois 2%         N/A       63%         3
 Inner Flame              Hex/Fire       2%         N/A       63%         3
 Tukima's Dance           Hex            2%         N/A       63%         3
 Vampiric Draining        Necr           2%         2d6       63%         3
 Freezing Cloud           Conj/Ice/Air   5%         6-21      94%         5
 Cause Fear               Hex            1%         N/A       95%         4
 Passage of Golubria      Tloc           2%         N/A       95%         4
 Yara's Violent Unravell  Hex/Tmut       1%         3d3       100%        5
 Discord                  Hex            1%         N/A       100%        8


Dungeon Overview and Level Annotations

Branches:
Dungeon (8/15)             Temple (1/1) D:7
   Lair: D:8-11

Altars:
Ashenzari
Cheibriados
Dithmenos
Fedhas
Gozag
Makhleb
Nemelex Xobeh
Ru
Sif Muna
Uskayaw
Wu Jian
Xom
Yredelemnul

Shops:
D:6 (

Annotations:
D:3 1 runed translucent door


Message History

The centaur warrior hits you but does no damage.
The centaur warrior envenoms you.
You are poisoned.
The centaur warrior kicks you but does no damage.
You hit the centaur warrior.
The centaur warrior is heavily wounded.
You feel sick.
The centaur warrior hits you but does no damage.
The centaur warrior envenoms you!
* * * LOW HITPOINT WARNING * * *
You are more poisoned.
The centaur warrior completely misses you.
As you read the scroll of teleportation, it crumbles to dust.
You feel strangely unstable.
You feel sick.
The centaur warrior hits you with a staff of poison!
* * * LOW HITPOINT WARNING * * *
The centaur warrior kicks you but does no damage.
The centaur warrior wields a +0 shortbow.
The centaur warrior shoots an arrow.
The arrow hits you!
* * * LOW HITPOINT WARNING * * *
Okay, then.
Okay, then.
Unknown command.
Really quaff the potion of lignification?
You turn into a tree.
Your +2 cloak melds into your body.
Your +0 pair of gloves melds into your body.
Your +2 chain mail of positive energy melds into your body.
You feel less protected from negative energy.
Your roots penetrate the ground.
You feel strangely stable.
You feel sick.
It was a potion of brilliance.
You feel clever all of a sudden.
You feel sick.
You are no longer poisoned.
The centaur warrior shoots an arrow.
The arrow hits you but does no damage.
It was a potion of degeneration.
There was something very wrong with that liquid.
You feel weakened.
You feel dopey.
You feel clumsy.
The centaur warrior shoots an arrow.
The arrow hits you but does no damage.
The centaur warrior shoots an arrow.
The arrow hits you.
You die...

#....##..#..## ##...8##..#
##....###'### ###'###..##
##..##.....## ##..#..##..#
#..##.#####.## ##..#.#..##..
#.##.##)..##.###..#...#..##.
#.#)##)###.##.#..#..#..#..#.
#.#.#.## ##.#.#.#..#.#..#.#.
#.'##.# #|#.'#..#.(.#..#'.
#.##[## ##♣#.#.#..#.#.[#.#.
#.#.## #)##.#..#..#..#..#.
#.##.##.}c##.###..#...#..##.
#..##.#####.##.##..#.#..##..
##..##.....##...##..#..##..#
##..###'###..#..###(###..##
##..........)...........<.
###........#...........##
######################


You could see a centaur warrior.

Vanquished Creatures
  A centaur warrior (D:8)
  A deep elf pyromancer (D:8)
  A troll (D:8)
  A slime creature (D:8)
  A yak (D:8)
  2 wyverns (D:8)
  3 steam dragons (D:8)
  An acid dragon (D:5)
  Duvessa (D:5)
  A water moccasin (D:8)
  2 black bears (D:7)
  A sky beast (D:5)
  3 ogres (D:5)
  An orc warrior (D:8)
  An ice beast (D:8)
  A phantom (D:4)
  2 kobold brigands
  Blork the orc (D:5)
  3 bullfrogs (D:8)
  4 scorpions
  A water moccasin zombie (D:5)
  4 water moccasin skeletons (D:5)
  Dowan (D:5)
  2 killer bees (D:8)
  4 wights (D:8)
  2 howler monkeys
  2 bullfrog zombies
  2 centaur zombies
  A jelly (D:8)
  3 hounds
  3 gnoll shamans
  3 orc priests
  A centaur skeleton (D:5)
  4 orc wizards
  Natasha (thrice) (D:2)
  2 iguanas
  2 killer bee zombies
  A hound zombie (D:5)
  A mummy (D:7)
  2 howler monkey zombies
  6 adders
  7 gnolls
  2 shadow imps
  An ufetubus (D:5)
  An adder zombie (D:5)
  2 worms
  A dart slug (D:1)
  17 orcs
  3 ball pythons (D:2)
  5 endoplasms
  7 giant cockroaches
  11 goblins
  6 hobgoblins
  4 kobolds
  3 quokkas
  4 bats
  7 frilled lizards
  A hobgoblin zombie (D:7)
  A jackal zombie (D:3)
  2 kobold zombies (D:7)
  An orc zombie (D:7)
  A quokka skeleton (D:4)
  2 rats
171 creatures vanquished.

Notes
Turn   | Place    | Note
-------+----------+-------------------------------------------
     0 | D:1      | Gabide the Human Monk began the quest for the Orb.
     0 | D:1      | Reached XP level 1. HP: 18/18 MP: 1/1
   183 | D:1      | Reached XP level 2. HP: 19/24 MP: 2/2
   882 | D:2      | Reached XP level 3. HP: 26/29 MP: 3/3
  1031 | D:2      | Reached skill level 1 in Armour
  1052 | D:2      | Found a hide-covered altar of Uskayaw.
  1206 | D:2      | Reached XP level 4. HP: 35/35 MP: 4/4
  1222 | D:2      | Noticed Natasha
  1240 | D:2      | Killed Natasha
  1551 | D:2      | Noticed Natasha
  1563 | D:2      | Killed Natasha
  1564 | D:2      | Reached XP level 5. HP: 42/42 MP: 5/5
  1811 | D:2      | Noticed Natasha
  2068 | D:2      | Killed Natasha
  2152 | D:3      | Noticed a human
  2153 | D:3      | Found a runed translucent door.
  2157 | D:3      | Found a basalt altar of Yredelemnul.
  2383 | D:3      | Found a burning altar of Makhleb.
  3302 | D:4      | Found a large runed translucent door.
  3303 | D:4      | Found a large runed translucent door.
  3383 | D:4      | Reached XP level 6. HP: 19/48 MP: 6/6
  5321 | D:4      | Found a shadowy altar of Dithmenos.
  5324 | D:4      | Found an opulent altar of Gozag.
  5357 | D:5      | Entered Level 5 of the Dungeon
  5425 | D:5      | Noticed Duvessa
  5429 | D:5      | Noticed Dowan
  5433 | D:5      | Reached XP level 7. HP: 47/55 MP: 7/7
  5444 | D:5      | Killed Duvessa
  5902 | D:5      | Noticed Blork the orc
  5950 | D:4      | Reached skill level 5 in Fighting
  5950 | D:4      | Reached skill level 5 in Dodging
  6243 | D:5      | Reached skill level 5 in Polearms
  6243 | D:5      | Reached XP level 8. HP: 62/62 MP: 8/8
  6270 | D:5      | Killed Blork the orc
  6309 | D:5      | Learned a level 3 spell: Mephitic Cloud
  6742 | D:5      | Reached skill level 1 in Air Magic
  7069 | D:5      | Reached skill level 1 in Spellcasting
  7069 | D:5      | Reached skill level 1 in Conjurations
  7253 | D:5      | Reached XP level 9. HP: 29/69 MP: 9/11
  7822 | D:5      | Killed Dowan
  8920 | D:6      | Found Edu Egonn's Antique Weapon Shoppe.
  8932 | D:6      | Bought a runed halberd for 175 gold pieces
 10154 | D:7      | Found a staircase to the Ecumenical Temple.
 10167 | Temple   | Entered the Ecumenical Temple
 10175 | Temple   | Became a worshipper of Sif Muna the Loreminder
 10175 | Temple   | Reached * piety under Sif Muna
 10175 | Temple   | Reached ** piety under Sif Muna
 10315 | D:7      | Identified the +8 ring mail of Bucsor {rC- Int+5}
 10480 | D:8      | Reached skill level 1 in Invocations
 10769 | D:8      | Found a sacrificial altar of Ru.
 11218 | D:8      | Reached XP level 10. HP: 68/77 MP: 13/13
 11363 | D:8      | Found an ornate altar of the Wu Jian Council.
 11498 | D:8      | Reached skill level 5 in Armour
 12638 | D:8      | Noticed a deep elf pyromancer
 12653 | D:8      | Killed a deep elf pyromancer
 12661 | D:8      | Noticed a centaur warrior
 13032 | D:8      | Identified the +5 dagger "Demonbane" {elec, +Blink rElec
                  | Int-3 Dex+4}
 13044 | D:8      | Killed a centaur warrior
 13045 | D:8      | Reached XP level 11. HP: 45/84 MP: 16/16
 13064 | D:8      | Noticed a centaur warrior
 13075 | D:8      | HP: 2/84 [centaur warrior/arrow (8)]
 13078 | D:8      | Shot with an arrow by a centaur warrior

Illustrated notes

Levels and vault maps discovered:
D:1:      co_arrival_square_in_a_square_in_a_square, layout_basic,
          serial_forest, infiniplex_forest_clump_large,
          infiniplex_forest_straight_3, infiniplex_forest_straight_3,
          infiniplex_forest_straight_2, infiniplex_forest_lined_2,
          infiniplex_forest_fountain, infiniplex_forest_clump_curved,
          infiniplex_forest_end_1, infiniplex_forest_pool
D:2:      layout_rooms, basic_altar, uniq_natasha
D:3:      minmay_inner_zag, layout_rooms, mainiacjoe_overflow_cross_hatched,
          dk_yredelemnul_ordeal
D:4:      layout_layer_cave, jmf_multi_god_temple2, small_statue_intersection,
          nicolae_concentric_dashed_squares_wild
D:5:      minmay_thinvault, layout_cave_pools, uniq_duvessa, uniq_blork_the_orc
D:6:      layout_gridville, serial_shops,
          nicolae_shop_temple_entry_statues_fountains, bh_walls_and_bars
D:7:      layout_loops_ring, minmay_temple_entry_poolview, minmay_mini_ossuary
D:8:      minmay_the_grid_octo_2x2 [minmay_the_grid_octo_focus,
          minmay_the_grid_octo_vomiting_pacman,
          minmay_the_grid_octo_thin_diamonds,
          minmay_the_grid_octo_prize_single_spiral], layout_basic,
          nicolae_wu_jian_wuxing_cycle, tso_altar
Temple:   nicolae_temple_great_sept

Skill      XL: |  1  2  3  4  5  6  7  8  9 10 |
---------------+-------------------------------+-----
Armour         | 1 2 3 4 6 |  6.3
Dodging        | 4 5 6 7 |  7.4
Fighting       | 4 5 6 7 |  7.4
Polearms       | 4 5 6 7 |  7.4
Air Magic      | 1 2 4 |  4.0
Spellcasting   | 1 2 3 |  3.7
Conjurations   | 1 2 4 |  4.2
Invocations    | 1 3 |  3.3
Stealth        | |  2.0

Action                   |  1- 3 |  4- 6 |  7- 9 | 10-12 || total
-------------------------+-------+-------+-------+-------++-------
Melee: Spear             |    95 |   317 |   153 |       ||   565
       Punch             |     1 |     6 |     2 |       ||     9
       Halberd           |       |       |   255 |   182 ||   437
       Trident           |       |       |    45 |       ||    45
Evoke: Wand              |       |     7 |     6 |     1 ||    14
  Use: Scroll            |       |     8 |    12 |     6 ||    26
       Potion            |       |     1 |     2 |     6 ||     9
 Stab: Sleeping          |     6 |     3 |     1 |       ||    10
       Distracted        |       |     1 |       |       ||     1
       Invisible         |       |       |       |     1 ||     1
Armor: Robe              |     3 |       |       |       ||     3
       Leather armour    |    13 |       |       |       ||    13
       Ring mail         |     8 |   108 |   179 |       ||   295
       Chain mail        |       |       |    77 |   177 ||   254
       Skin              |       |       |       |     2 ||     2
Dodge: Dodged            |    42 |   160 |   268 |    88 ||   558
